 Dungeon Crawl Stone Soup version 0.20-a0-495-g2241292 (webtiles) character file.

6048 penismuncher the Carver (level 10, -4/73 HPs)
             Began as a Demonspawn Fighter on Jan 18, 2017.
             Was an Initiate of Gozag.
             Slain by Snorg (14 damage)
             ... on level 9 of the Dungeon.
             The game lasted 00:20:54 (9620 turns).

penismuncher the Carver (Demonspawn Fighter)        Turns: 9620, Time: 00:20:55

Health: -4/73      AC:  7    Str: 18    XL:     10   Next: 57%
Magic:  10/10      EV: 18    Int: 15    God:    Gozag
Gold:   1228       SH: 12    Dex: 17    Spells: 9/9 levels left

rFire    x . .     SeeInvis .   a - +0 long sword
rCold    + . .     Gourm    .   h - +1 leather armour "Xypn" {rF- rC+ rN+++ MR+}
rNeg     + + +     Faith    .   c - +0 shield
rPois    .         Spirit   .   (helmet restricted)
rElec    .         Reflect  .   k - +0 cloak
rCorr    .         Harm     .   (no gloves)
MR       +....                  (no boots)
Stlth    ++........             t - amulet of regeneration
Regen    0.7/turn               (no ring)
                                u - ring of positive energy

@: brilliant, agile, flying, very slightly contaminated, hasted, very quick
A: antennae 2, claws 1, thin metallic scales 1, blink, clumsy 1, powered by pain
3
a: Blink, Potion Petition, Call Merchant, Bribe Branch, Renounce Religion


You were on level 9 of the Dungeon.
You worshipped Gozag.
Gozag was most pleased with you.
You were not hungry.

You visited 2 branches of the dungeon, and saw 11 of its levels.

You collected 1269 gold pieces.
You paid 41 gold pieces to Gozag.

Inventory:

Hand Weapons
 a - a +0 long sword (weapon)
 q - a +1 dagger of venom
 r - a +1 short sword of draining
 y - the +4 hand axe "Kusma" {flame, rElec rN+++ Stlth+}
   (You found it on level 5 of the Dungeon)

   It has been specially enchanted to burn those struck by it, causing extra
   injury to most foes and up to half again as much damage against particularly
   susceptible opponents.
   Big, fiery blades are also staple armaments of hydra-hunters.
   It insulates you from electricity.
   It renders you almost immune to negative energy.
   It makes you more stealthy.
Armour
 c - a +0 shield (worn)
 h - the +1 leather armour "Xypn" (worn) {rF- rC+ rN+++ MR+}
   (You found it on level 5 of the Dungeon)

   It makes you vulnerable to fire.
   It protects you from cold.
   It renders you almost immune to negative energy.
   It affects your resistance to hostile enchantments.
 k - a +0 cloak (worn)
Jewellery
 t - an amulet of regeneration (around neck)
 u - a ring of positive energy (left claw)
 A - a +3 amulet of reflection
Scrolls
 g - 3 scrolls of enchant weapon
 l - a scroll of identify
 w - a scroll of amnesia
 x - 3 scrolls of magic mapping
 z - 2 scrolls of teleportation
 H - a scroll of recharging {unknown}
Potions
 b - a potion of ambrosia
 d - a potion of cancellation {unknown}
 e - a potion of magic
 n - a potion of resistance
 v - 2 potions of brilliance
 G - a potion of curing
Books
 m - a book of the Dragon

   Spells                             Type                      Level
   a - Flame Tongue                   Conjuration/Fire             1
   b - Cause Fear                     Hexes                        4
   c - Bolt of Fire                   Conjuration/Fire             6
   d - Dragon Form                    Transmutation                7
   e - Dragon's Call                  Summoning                    9
 o - a book of Necromancy

   Spells                             Type                      Level
   a - Pain                           Necromancy                   1
   b - Animate Skeleton               Necromancy                   1
   c - Vampiric Draining              Necromancy                   3
   d - Regeneration                   Charms/Necromancy            3
   e - Animate Dead                   Necromancy                   4
   f - Control Undead                 Necromancy                   4
 s - a book of Changes

   Spells                             Type                      Level
   a - Beastly Appendage              Transmutation                1
   b - Sticks to Snakes               Transmutation                2
   c - Spider Form                    Transmutation/Poison         3
   d - Ice Form                       Ice/Transmutation            4
   e - Blade Hands                    Transmutation                5
 F - a book of Cantrips

   Spells                             Type                      Level
   a - Confusing Touch                Hexes                        1
   b - Animate Skeleton               Necromancy                   1
   c - Summon Small Mammal            Summoning                    1
   d - Apportation                    Translocation                1
Comestibles
 f - 7 bread rations
 i - 8 beef jerkies
 I - a slice of pizza


   Skills:
 + Level 4.7 Fighting
 + Level 9.7 Long Blades
 + Level 3.5 Armour
 + Level 4.7 Dodging
 + Level 9.6 Shields


You had 9 spell levels left.
You didn't know any spells.

Dungeon Overview and Level Annotations

Branches:
Dungeon (10/15)            Temple (1/1) D:5
   Lair: D:8-11         Orc: D:9-12

Altars:
Cheibriados
Dithmenos
Elyvilon
Fedhas
Gozag
Hepliaklqana
Makhleb
Nemelex Xobeh
Okawaru
Trog
Uskayaw
Xom
Yredelemnul
Zin
The Shining One

Annotations:
D:1 1 runed door
D:4 exclusion: downstairs
D:6 exclusions: 2 doors and downstairs
D:7 exclusion: 2 downstairs
D:9 Snorg


Innate Abilities, Weirdness & Mutations

You have a pair of antennae on your head.
You are partially covered in thin metallic scales. (AC +2)
You are powered by pain.
You have sharp fingernails.
You can translocate small distances at will.
You are clumsy. (Dex -2)


Message History

You block Snorg's attack. Snorg claws you!
* * * LOW HITPOINT WARNING * * *
You block Snorg's attack.
It was a potion of brilliance.
You feel clever all of a sudden. Snorg misses you.
You riposte.
You hit Snorg but do no damage.
Snorg is lightly wounded.
Snorg closely misses you. You block Snorg's attack.
It was a potion of haste.
You feel as though your hastened speed will last longer.
Snorg bites you.
* * * LOW HITPOINT WARNING * * *
You block Snorg's attack. Snorg closely misses you.
You feel better. Snorg bites you.
* * * LOW HITPOINT WARNING * * *
Snorg claws you!
* * * LOW HITPOINT WARNING * * *
Snorg claws you!
You die...
Your body crumbles into a pile of gold.

########## .........######
..............#### ###
.........####....# ##### #..
..######## ####T#######...#
#.. .## #@....#...#.# ##.. .#
########.......# #... ##
#.......##.##..###...
#..)....##.##..)).)##
######.......##.##.....)<.
####.......#.#####.####..###.
####.>..#######.# #...# ##..#
#. ##....#### #.###.###
#...###.
(.....(..#######.##..#
#.#..###


You could see Snorg (berserk).

Vanquished Creatures
  3 two-headed ogres
  A wyvern (D:7)
  3 ice beasts
  2 sky beasts
  4 ogres
  3 phantoms
  The ghost of regis the Chopper, an amateur DsCK of Xom (D:7)
  3 centaurs
  2 big kobolds
  5 bullfrogs
  3 scorpions
  4 killer bees (D:7)
  4 wights (D:9)
  7 crimson imps
  A centaur zombie (D:5)
  5 orc priests
  3 hounds
  3 jellies
  3 centaur skeletons
  Jessica (D:3)
  Ijyb (D:3)
  4 iguanas
  13 orc wizards
  4 worker ants
  2 hound zombies
  A howler monkey zombie (D:8)
  Robin (D:2)
  A worker ant zombie (D:5)
  7 adders
  4 gnolls (D:7)
  3 shadow imps
  3 adder zombies
  An adder skeleton (D:8)
  A dart slug (D:2)
  8 leopard geckos
  40 orcs
  6 giant cockroaches
  20 goblins
  10 hobgoblins
  22 jackals
  17 kobolds
  7 quokkas
  A ball python (D:1)
  2 bats (D:3)
  4 frilled lizards
  A jackal skeleton (D:6)
  A quokka skeleton (D:5)
  6 rats
252 creatures vanquished.

Notes
Turn   | Place    | Note
-------+----------+-------------------------------------------
     0 | D:1      | penismuncher the Demonspawn Fighter began the quest for the Orb.
     0 | D:1      | Reached XP level 1. HP: 18/18 MP: 1/1
     1 | D:1      | Found a runed door.
     1 | D:1      | Noticed a jelly
   401 | D:1      | Gained mutation: You are partially covered in thin metallic scales. (AC +2) [demonic ancestry]
   401 | D:1      | Reached XP level 2. HP: 20/24 MP: 2/2
   940 | D:2      | Gained mutation: You have a pair of small antennae on your head. [demonic ancestry]
   940 | D:2      | Reached XP level 3. HP: 19/29 MP: 3/3
   943 | D:2      | Found a bloodstained altar of Trog.
   963 | D:2      | Found a sparkling altar of Nemelex Xobeh.
  1012 | D:2      | Noticed Robin
  1266 | D:2      | Killed Robin
  1356 | D:3      | Reached XP level 4. HP: 34/35 MP: 4/4
  1547 | D:3      | Noticed Jessica
  1553 | D:3      | Killed Jessica
  1680 | D:3      | Found a glowing golden altar of the Shining One.
  1902 | D:3      | Found a basalt altar of Yredelemnul.
  1963 | D:3      | Reached XP level 5. HP: 41/41 MP: 5/5
  2191 | D:3      | Reached skill level 5 in Long Blades
  2258 | D:3      | Noticed an ice beast
  2272 | D:3      | Killed an ice beast
  2581 | D:3      | Noticed Ijyb
  2598 | D:3      | Killed Ijyb
  2598 | D:3      | Gained mutation: You sometimes gain a little power by taking damage. [demonic ancestry]
  2598 | D:3      | Reached XP level 6. HP: 38/47 MP: 6/6
  2800 | D:3      | Found a burning altar of Makhleb.
  2965 | D:4      | Found a glowing silver altar of Zin.
  3066 | D:4      | Found a shadowy altar of Dithmenos.
  3574 | D:5      | Entered Level 5 of the Dungeon
  3858 | D:4      | Gained mutation: You have a pair of antennae on your head. [demonic ancestry]
  3858 | D:4      | Reached XP level 7. HP: 33/52 MP: 7/7
  4344 | D:5      | Got a transparent leather armour
  4355 | D:5      | Identified the +1 leather armour "Xypn" {rF- rC+ rN+++ MR+} (You found it on level 5 of the Dungeon)
  4357 | D:5      | Got an ivory hand axe
  4359 | D:5      | Identified the +4 hand axe "Kusma" {flame, rElec rN+++ Stlth+} (You found it on level 5 of the Dungeon)
  4447 | D:5      | Found a staircase to the Ecumenical Temple.
  4485 | D:5      | Found a shimmering altar of Xom.
  4485 | D:5      | Found a blossoming altar of Fedhas.
  4486 | D:5      | Found a bloodstained altar of Trog.
  4534 | Temple   | Entered the Ecumenical Temple
  4552 | Temple   | Became a worshipper of Gozag Ym Sagoz the Greedy
  4629 | D:5      | Found a hazy altar of Hepliaklqana.
  4960 | D:6      | Reached XP level 8. HP: 50/58 MP: 8/8
  5770 | D:7      | Noticed regis's ghost (amateur DsCK)
  5784 | D:7      | Reached skill level 5 in Shields
  5799 | D:7      | Killed regis's ghost
  6055 | D:7      | Found a sparkling altar of Nemelex Xobeh.
  6507 | D:7      | Gained mutation: You sometimes gain power by taking damage. [demonic ancestry]
  6507 | D:7      | Reached XP level 9. HP: 29/63 MP: 9/9
  6790 | D:8      | Noticed a two-headed ogre
  7250 | D:8      | Got a transparent robe
  7261 | D:8      | Identified the +0 robe "Meuschiche" {rElec} (You found it on level 8 of the Dungeon)
  7303 | D:8      | Killed a two-headed ogre
  7303 | D:8      | Reached skill level 1 in Dodging
  8236 | D:9      | Gained mutation: You are powered by pain. [demonic ancestry]
  8236 | D:9      | Reached XP level 10. HP: 53/71 MP: 10/10
  8362 | D:9      | Noticed a two-headed ogre
  8376 | D:9      | Noticed a two-headed ogre
  8385 | D:9      | Killed a two-headed ogre
  8467 | D:9      | Killed a two-headed ogre
  8964 | D:10     | Entered Level 10 of the Dungeon
  9283 | D:10     | Gained mutation: You have sharp fingernails. [potion of mutation]
  9283 | D:10     | Gained mutation: You are clumsy. (Dex -2) [potion of mutation]
  9283 | D:10     | Gained mutation: You can translocate small distances at will. [potion of mutation]
  9607 | D:10     | Noticed Snorg
  9620 | D:9      | Slain by Snorg

Vault maps used:
D:1:      dpeg_arrival_caged_fury
D:2:      nemelex_xobeh_ov_fountains_minmay, trog_three_pillars_becter,
          uniq_robin
D:3:      kennysheep_goblin_castle, grunt_temple_overflow_holy_war,
          portal_sewer_entry_d, bloody_makhleb, uniq_jessica
D:4:      kennysheep_mini, first_bread, roderic_serpentine_path,
          grunt_dithmenos_smoke_and_mirrors
D:5:      nicolae_overflow_crystal_walls, gammafunk_temple_overflow_forgotten
D:6:      wad_lake_hut
D:7:      basic_altar, serial_corexii_hall, corexii_hall_statues_deadend,
          corexii_hall_statues_l
D:8:      grunt_ogre_cave
D:10:     kennysheep_orc_monster_closet_entryway, minmay_misc_feat_pillars,
          uniq_snorg
Temple:   nicolae_temple_god_jail

Skill      XL: |  1  2  3  4  5  6  7  8  9 10 |
---------------+-------------------------------+-----
Long Blades    | 2 3 4 5 6 8 9 |  9.7
Shields        | 3 6 8 9 |  9.6
Armour         | 3 |  3.5
Dodging        | 2 4 |  4.7
Fighting       | 4 |  4.7

Action                   |  1- 3 |  4- 6 |  7- 9 | 10-12 || total
-------------------------+-------+-------+-------+-------++-------
Melee: Long sword        |   145 |   269 |   151 |   134 ||   699
       Short sword       |       |       |   107 |    23 ||   130
       Dagger            |       |       |   644 |    90 ||   734
Invok: Potion Petition   |       |       |       |     1 ||     1
 Abil: Blink             |       |       |       |     2 ||     2
Evoke: Wand              |       |       |     2 |       ||     2
  Use: Potion            |       |     1 |     5 |     4 ||    10
       Scroll            |       |       |    15 |       ||    15
 Stab: Sleeping          |       |       |     1 |       ||     1
       Distracted        |       |       |       |     2 ||     2
  Eat: Chunk             |       |    10 |     3 |       ||    13
       Meat ration       |       |       |     2 |       ||     2
       Bread ration      |       |       |     1 |     1 ||     2
Armor: Scale mail        |    69 |   138 |    37 |       ||   244
       Leather armour    |       |       |   181 |    35 ||   216
       Skin              |       |       |    42 |       ||    42
Dodge: Dodged            |    51 |    69 |   279 |    95 ||   494
Block: Shield            |    64 |   118 |   457 |   151 ||   790
       Rpst.: Long sword |    17 |    21 |    13 |    17 ||    68
